 Dungeon Crawl Stone Soup version 0.20.1-1-g8b1a95d (webtiles) character file.

4060 TheGuigne the Carver (level 10, -5/73 (74) HPs)
             Began as a Demonspawn Fighter on Aug 11, 2017.
             Was a Believer of Ashenzari.
             Slain by a death yak (21 damage)
             ... on level 7 of the Dungeon.
             The game lasted 00:22:14 (8570 turns).

TheGuigne the Carver (Demonspawn Fighter)           Turns: 8570, Time: 00:22:14

HP:   -5/73 (74)    AC: 12    Str: 19    XL:     10   Next: 5%
MP:   10/10         EV: 13    Int: 12    God:    Ashenzari [**....]
Gold: 328           SH: 11    Dex: 18    Spells: 9/9 levels left

rFire    . . .     SeeInvis .   g - +0 long sword
rCold    + . .     Gourm    .   c - +0 shield (curse)
rNeg     . . .     Faith    .   t - +2 ring mail {MR+}
rPois    .         Spirit   .   (helmet restricted)
rElec    .         Reflect  .   (no cloak)
rCorr    .         Harm     .   h - +0 pair of gloves (curse)
MR       +....     Rnd*Tele +   (no boots)
Stlth    ++........             (no amulet)
Regen    0.3/turn               i - ring of flight
MPRegen  0.2/turn               d - +4 ring of slaying (curse)

@: agile, sanguine armour
A: antennae 2, clever 1, cold resistance 1, deformed body, powered by pain 2,
teleportitis 1, freezing cloud immunity, sanguine armour 1
a: Curse Item, Scrying, Renounce Religion, Evoke Flight


You were on level 7 of the Dungeon.
You worshipped Ashenzari.
Ashenzari was pleased with you.
You were hungry.

You visited 1 branch of the dungeon, and saw 8 of its levels.

You collected 328 gold pieces.

Inventory:

Hand Weapons
 a - a +0 long sword
 g - a +0 long sword (weapon)
 p - a +0 whip
Armour
 b - a +0 scale mail
 c - a cursed +0 shield (worn)
 h - a cursed +0 pair of gloves (worn)
 t - a +2 ring mail of magic resistance (worn)
Jewellery
 d - a cursed +4 ring of slaying (right hand)
 i - a ring of flight (left hand)
 A - an uncursed ring of fire
 F - an uncursed ring of wizardry
Wands
 w - a wand of polymorph (6/24)
 y - a wand of lightning (6/15)
Scrolls
 e - 4 scrolls of teleportation
 j - 2 scrolls of fog {unknown}
 l - 2 scrolls of magic mapping {unknown}
 o - 3 scrolls of amnesia
 r - 3 scrolls of fear
 s - 2 scrolls of recharging {unknown}
 B - 2 scrolls of enchant weapon {unknown}
Potions
 k - 3 potions of degeneration
 u - a potion of brilliance
 v - 3 potions of lignification
 x - a potion of might
 z - a potion of curing
 D - 2 potions of heal wounds
Books
 n - a book of Misfortune

   Spells                             Type                      Level
   a - Confusing Touch                Hexes                        1
   b - Confuse                        Hexes                        3
   c - Gell's Gravitas                Translocation                3
   d - Petrify                        Transmutation/Earth          4
   e - Metabolic Englaciation         Hexes/Ice                    5
   f - Yara's Violent Unravelling     Hexes/Transmutation          5
Comestibles
 f - 6 bread rations
 m - 7 meat rations
 C - 7 royal jellies


   Skills:
 + Level 5.4 Fighting
 - Level 11.0 Long Blades
 + Level 5.4 Armour
 + Level 5.0(6.4) Shields


You had 9 spell levels left.
You didn't know any spells.

Dungeon Overview and Level Annotations

Branches:
Dungeon (8/15)             Temple (0/1) D:6
   Lair: D:8-11

Altars:
Ashenzari
Cheibriados
Elyvilon
Kikubaaqudgha
Makhleb
Qazlal
Ru
Sif Muna
Uskayaw
Zin
The Shining One


Innate Abilities, Weirdness & Mutations

You have a pair of antennae on your head.
Your flesh is cold resistant. (rC+)
You sometimes gain power by taking damage.
You are immune to freezing clouds.
When seriously injured, your bleeding wounds create armour. (AC +6)
Your mind is acute. (Int +2)
Armour fits poorly on your strangely shaped body.
You are occasionally teleported next to monsters.


Message History

You slash the death yak!
The death yak is heavily wounded.
You hit the death yak.
The death yak is heavily wounded.
The death yak closely misses you.
You riposte.
You hit the death yak.
The death yak is heavily wounded.
You hit the death yak but do no damage.
The death yak is heavily wounded.
The death yak gores you but does no damage.
You hit the death yak.
The death yak is severely wounded.
You block the death yak's attack.
You hit the death yak.
The death yak is severely wounded.
The death yak gores you!
* * * LOW HITPOINT WARNING * * *
You hit the death yak.
The death yak is severely wounded.
The death yak gores you!!
You die...

#.......#.#
##)#####.#.# #.(>#
#....# #.#(# #..###
#...# #..# ##.##
#..# #.# #..# #(#
#..# #@# #..#
#Y####..# #.##(...#
#(##.#.##
#.##.#.###########
#(##.#............
##.##.#############
##...#.#
#......########


You could see a death yak.

Vanquished Creatures
  A troll (D:6)
  The ghost of Monsterracer the Covert, a novice SpEn of Dithmenos (D:4)
  A yak (D:7)
  3 hogs (D:7)
  A human (D:7)
  A water moccasin (D:7)
  2 sky beasts (D:7)
  An orc warrior (D:6)
  A phantom (D:4)
  A necrophage (D:6)
  An ogre (D:6)
  5 centaurs
  A big kobold (D:7)
  5 bullfrogs
  A scorpion (D:4)
  A wyvern skeleton (D:7)
  3 howler monkeys
  A centaur zombie (D:7)
  3 crimson imps
  A jelly (D:7)
  4 hounds
  A gnoll shaman (D:7)
  2 orc priests
  A bullfrog skeleton (D:7)
  3 iron imps (D:5)
  9 orc wizards
  A centaur skeleton (D:5)
  2 iguanas (D:4)
  Ijyb (D:4)
  3 worker ants
  A hound skeleton (D:6)
  A worker ant zombie (D:6)
  13 gnolls
  9 adders
  A shadow imp (D:7)
  2 adder zombies
  5 worms
  3 dart slugs
  3 leopard geckos
  37 orcs
  3 bats
  3 giant cockroaches
  7 goblins
  11 hobgoblins
  10 jackals
  4 quokkas
  7 ball pythons
  5 frilled lizards
  2 jackal skeletons
  12 kobolds
  A leopard gecko zombie (D:5)
  7 rats
209 creatures vanquished.

Vanquished Creatures (others)
  4 fungi (D:3)
4 creatures vanquished.

Grand Total: 213 creatures vanquished

Notes
Turn   | Place    | Note
-------+----------+-------------------------------------------
     0 | D:1      | TheGuigne the Demonspawn Fighter began the quest for the Orb.
     0 | D:1      | Reached XP level 1. HP: 18/18 MP: 1/1
    60 | D:1      | Reached skill level 2 in Long Blades
   239 | D:1      | Gained mutation: When seriously injured, your bleeding wounds create armour. (AC +6) [demonic ancestry]
   239 | D:1      | Reached XP level 2. HP: 24/24 MP: 2/2
   565 | D:1      | Reached skill level 3 in Long Blades
   792 | D:2      | Found a shattered altar of Ashenzari.
   803 | D:2      | Became a worshipper of Ashenzari the Shackled
   820 | D:2      | Gained mutation: You have a pair of small antennae on your head. [demonic ancestry]
   820 | D:2      | Reached XP level 3. HP: 29/29 MP: 3/3
   850 | D:2      | Found a glowing golden altar of the Shining One.
   850 | D:2      | Found a stormy altar of Qazlal.
   957 | D:2      | Found a sacrificial altar of Ru.
  1568 | D:3      | Gained mutation: Your flesh is cold resistant. (rC+) [demonic ancestry]
  1568 | D:3      | Reached XP level 4. HP: 10/35 MP: 4/4
  1575 | D:2      | Reached skill level 4 in Long Blades
  2367 | D:3      | Reached XP level 5. HP: 38/41 MP: 5/5
  2485 | D:3      | Reached skill level 5 in Long Blades
  3085 | D:4      | Reached * piety under Ashenzari
  3086 | D:4      | Noticed Monsterracer's ghost (novice SpEn)
  3099 | D:4      | Reached XP level 6. HP: 30/47 MP: 6/6
  3193 | D:4      | Killed Monsterracer's ghost
  3193 | D:4      | Reached skill level 6 in Long Blades
  3375 | D:4      | Reached skill level 7 in Long Blades
  3375 | D:4      | Gained mutation: You sometimes gain a little power by taking damage. [demonic ancestry]
  3375 | D:4      | Reached XP level 7. HP: 17/52 MP: 7/7
  3678 | D:4      | Found a snail-covered altar of Cheibriados.
  3757 | D:4      | Noticed Ijyb
  3840 | D:4      | Found an ancient bone altar of Kikubaaqudgha.
  4067 | D:4      | Killed Ijyb
  4636 | D:4      | Reached skill level 8 in Long Blades
  4660 | D:5      | Entered Level 5 of the Dungeon
  4660 | D:5      | Found a white marble altar of Elyvilon.
  4726 | D:5      | Noticed a dagger
  4727 | D:5      | Noticed a hand axe
  4732 | D:5      | Found a hide-covered altar of Uskayaw.
  4898 | D:5      | Found a burning altar of Makhleb.
  4912 | D:5      | Gained mutation: You sometimes gain power by taking damage. [demonic ancestry]
  4912 | D:5      | Reached XP level 8. HP: 56/58 MP: 8/8
  5102 | D:5      | Found a white marble altar of Elyvilon.
  5196 | D:5      | Reached skill level 9 in Long Blades
  5301 | D:6      | Found a glowing silver altar of Zin.
  5353 | D:6      | Found a deep blue altar of Sif Muna.
  5367 | D:6      | Noticed a troll
  5383 | D:6      | Killed a troll
  5598 | D:6      | Reached skill level 10 in Long Blades
  5769 | D:6      | Reached ** piety under Ashenzari
  5787 | D:6      | Found a staircase to the Ecumenical Temple.
  6357 | D:6      | Gained mutation: You have a pair of antennae on your head. [demonic ancestry]
  6357 | D:6      | Reached XP level 9. HP: 63/63 MP: 9/9
  6397 | D:6      | Reached skill level 11 in Long Blades
  7366 | D:7      | Gained mutation: Your mind is acute. (Int +2) [mutagenic meat]
  7367 | D:7      | Gained mutation: You are occasionally teleported next to monsters. [mutagenic meat]
  7368 | D:7      | Gained mutation: Armour fits poorly on your strangely shaped body. [mutagenic meat]
  7825 | D:7      | Reached skill level 5 in Armour
  7906 | D:7      | Reached skill level 5 in Fighting
  8519 | D:7      | Gained mutation: You are immune to freezing clouds. [demonic ancestry]
  8519 | D:7      | Reached XP level 10. HP: 69/73 MP: 10/10
  8547 | D:8      | Noticed a death yak
  8549 | D:8      | Noticed a death yak
  8558 | D:8      | Noticed a death yak
  8561 | D:7      | Reached skill level 5 in Shields
  8570 | D:7      | Slain by a death yak

Skill      XL: |  1  2  3  4  5  6  7  8  9 10 |
---------------+-------------------------------+-----
Long Blades    | 2 3 4 5 7 8 10 11 | 11.0
Armour         | 5 |  5.4
Shields        | 4 5 |  5.0
Fighting       | 5 |  5.4

Action                   |  1- 3 |  4- 6 |  7- 9 | 10-12 || total
-------------------------+-------+-------+-------+-------++-------
Melee: Long sword        |   152 |   218 |   477 |    23 ||   870
Invok: Curse Item        |     1 |       |     2 |       ||     3
  Use: Potion            |       |     9 |       |       ||     9
       Scroll            |       |       |     6 |       ||     6
  Eat: Chunk             |     2 |     5 |    21 |       ||    28
       Royal jelly       |       |     1 |       |       ||     1
Armor: Scale mail        |    62 |    18 |       |       ||    80
       Ring mail         |       |    76 |   138 |     6 ||   220
       Skin              |       |       |     4 |       ||     4
Dodge: Dodged            |    46 |    59 |   115 |     5 ||   225
Block: Shield            |    58 |   101 |   196 |    10 ||   365
       Rpst.: Long sword |    11 |    13 |    31 |     2 ||    57
